 Dungeon Crawl Stone Soup version 0.21-a0-538-gd16b88a (webtiles) character file.

4601 dvd the Magician (level 10, -9/70 HPs)
             Began as a Demonspawn Fire Elementalist on Dec 16, 2017.
             Was a Believer of Vehumet.
             Mangled by a warg (14 damage)
             ... on level 9 of the Dungeon.
             The game lasted 00:33:50 (11975 turns).

dvd the Magician (Demonspawn Fire Elementalist)    Turns: 11975, Time: 00:33:51

Health: -9/70      AC:  7    Str: 11    XL:     10   Next: 19%
Magic:  2/20       EV: 13    Int: 18    God:    Vehumet [**....]
Gold:   437        SH:  0    Dex: 13    Spells: 7/22 levels left

rFire    + . .     SeeInvis .   f - +1 mace
rCold    . . .     Gourm    .   (no shield)
rNeg     . . .     Faith    .   l - +0 leather armour (curse)
rPois    .         Spirit   .   (helmet restricted)
rElec    .         Reflect  .   C - +1 cloak
rCorr    .         Harm     .   G - +0 pair of gloves
MR       .....                  d - +0 pair of boots
Stlth    ++........             (no amulet)
HPRegen  0.21/turn              g - ring of fire
MPRegen  0.17/turn              (no ring)

@: very slightly contaminated
A: claws 2, horns 1, talons 2, blink, cold resistance 1, screaming 1, rot
immunity
a: Blink, Renounce Religion


You were on level 9 of the Dungeon.
You worshipped Vehumet.
Vehumet was pleased with you.
You were very hungry.

You visited 2 branches of the dungeon, and saw 10 of its levels.

You collected 437 gold pieces.

Inventory:

Hand Weapons
 e - a +1 vampiric hand axe
 f - a +1 mace (weapon)
 q - a +4 quarterstaff
 w - a +2 spear of pain
 z - a +3 flail
 A - a +0 short sword of speed
 B - a +0 long sword
 E - a cursed -3 whip
Armour
 a - a +0 robe
 d - a +0 pair of boots (worn)
 l - a cursed +0 leather armour (worn)
 C - a +1 cloak (worn)
 G - a +0 pair of gloves (worn)
Jewellery
 g - a ring of fire (left hand)
 D - an uncursed ring of fire
Wands
 o - a wand of enslavement (8)
 y - a wand of paralysis (2)
Scrolls
 h - a scroll of teleportation
 i - 3 scrolls of magic mapping
 k - 6 scrolls of identify
 p - 4 scrolls of fog
 v - 2 scrolls of amnesia
Potions
 j - a potion of cancellation
 n - 3 potions of mutation
 x - 2 potions of heal wounds
 F - a potion of curing
Books
 b - a book of Flames

   Spells                             Type                      Level
   a - Flame Tongue                   Conjuration/Fire             1
   b - Throw Flame                    Conjuration/Fire             2
   c - Conjure Flame                  Conjuration/Fire             3
   d - Inner Flame                    Hexes/Fire                   3
   e - Sticky Flame                   Conjuration/Fire             4
   f - Fireball                       Conjuration/Fire             5
 u - a book of Conjurations

   Spells                             Type                      Level
   a - Magic Dart                     Conjuration                  1
   b - Searing Ray                    Conjuration                  2
   c - Dazzling Spray                 Conjuration/Hexes            3
   d - Fulminant Prism                Conjuration/Hexes            4
   e - Force Lance                    Conjuration/Translocation    4
   f - Iskenderun's Mystic Blast      Conjuration                  4
Comestibles
 c - 3 bread rations
 m - 14 fruits
 r - 3 meat rations
 t - 2 royal jellies


   Skills:
 + Level 3.6 Fighting
 + Level 5.6 Maces & Flails
 + Level 2.8 Armour
 + Level 3.7 Dodging
 + Level 4.4 Stealth
 + Level 6.7 Spellcasting
 + Level 5.5 Conjurations
 + Level 0.4 Hexes
 + Level 6.6 Fire Magic
 + Level 0.8 Evocations


You had 7 spell levels left.
You knew the following spells:

 Your Spells              Type           Power        Failure   Level  Hunger
a - Flame Tongue          Conj/Fire      #####        1%          1    None
b - Throw Flame           Conj/Fire      #####.       1%          2    None
c - Sticky Flame          Conj/Fire      #####...     12%         4    ####...
d - Dazzling Spray        Conj/Hex       ###...       12%         3    ##.....
e - Fireball              Conj/Fire      #####.....   32%         5    #####..


Dungeon Overview and Level Annotations

Branches:
Dungeon (9/15)             Temple (1/1) D:6
   Lair: D:8-11         Orc: D:9-12

Altars:
Ashenzari
Cheibriados
Dithmenos
Elyvilon
Fedhas
Gozag
Hepliaklqana
Kikubaaqudgha
Makhleb
Nemelex Xobeh
Okawaru
Qazlal
Ru
Sif Muna
Trog
Uskayaw
Vehumet
Xom
Yredelemnul
Zin
The Shining One
Beogh

Shops:
D:7 [

Annotations:
D:3 Lanoc's ghost, amateur FoFi


Innate Abilities, Weirdness & Mutations

You have very sharp fingernails.
You have a pair of small horns on your head.
You have razor-sharp toenails.
Your flesh is cold resistant. (rC+)
You are immune to rotting.
You can translocate small distances at will.
You occasionally shout uncontrollably at your foes.


Message History

You feel a surge of power!
The sticky flame hits the worker ant.
The worker ant is heavily wounded.
The worker ant is covered in liquid flames!
The worker ant burns!
The worker ant misses you.
The worker ant burns!
The orc closely misses you.
The orc priest looks encouraged for a moment.
The warg howls!
The worker ant burns!
You kill the worker ant!
Vehumet accepts your kill. The orc barely misses you.
The orc completely misses you.
The warg pauses to sniff the ground.
The warg misses you. The warg bites you!
* * * LOW HITPOINT WARNING * * *
Found a shiny ring mail.
Unknown command.
The warg bites you!
You die...

....#.#y#
#...#.#y#...#.########
#...#.......'........#
#..##.......#..[.....#
#####................#
.. # .#.......)......#
... # ............#
.... .. #..
#........##.... ....
#.. #...@..........
.... #..
#...h.......... ...# #
#..##....)o........
#..#
#.#.......##.........
..
........†.##.........
.##......##.§.o.....
#.#.......##§§.......
#.......#)##§§.......
####.#..#.##§§.......


You could see a warg, an orc priest and an orc.

Vanquished Creatures
  Grinder (D:5)
  2 hippogriffs
  Menkaure (D:4)
  A hungry ghost (D:7)
  A warg (D:9)
  An acid dragon (D:6)
  2 ice beasts
  A sky beast (D:8)
  A phantom (D:5)
  9 ogres
  An orc warrior (D:8)
  2 necrophages
  A centaur (D:5)
  A big kobold (D:8)
  2 bullfrogs
  3 scorpions
  5 killer bees (D:9)
  3 howler monkeys
  3 crimson imps
  4 hounds
  2 bullfrog skeletons
  A jelly (D:7)
  A bullfrog zombie (D:6)
  6 orc priests
  6 orc wizards
  3 centaur skeletons
  Ijyb (D:5)
  Natasha (twice) (D:2)
  An iguana (D:5)
  7 worker ants
  A killer bee zombie (D:8)
  2 hound skeletons (D:7)
  13 adders
  A shadow imp (D:8)
  An adder zombie (D:6)
  2 adder skeletons
  5 worms
  4 dart slugs
  5 leopard geckos
  52 orcs
  A ball python (D:3)
  6 bats
  7 giant cockroaches
  3 hobgoblins
  6 jackals
  3 quokkas
  8 frilled lizards
  9 goblins
  17 kobolds
  12 rats
  A bush (D:7)
234 creatures vanquished.

Vanquished Creatures (collateral kills)
  An orc (D:9)
1 creature vanquished.

Vanquished Creatures (others)
  An orc warrior (D:9)
  An orc wizard (D:9)
  A quokka (D:8)
3 creatures vanquished.

Grand Total: 238 creatures vanquished

Notes
Turn   | Place    | Note
-------+----------+-------------------------------------------
     0 | D:1      | dvd the Demonspawn Fire Elementalist began the quest for the Orb.
     0 | D:1      | Reached XP level 1. HP: 13/13 MP: 3/3
   425 | D:1      | Gained mutation: You have sharp fingernails. [demonic ancestry]
   425 | D:1      | Reached XP level 2. HP: 19/19 MP: 0/5
   656 | D:1      | Learned a level 2 spell: Throw Flame
  1267 | D:2      | Gained mutation: Your flesh is cold resistant. (rC+) [demonic ancestry]
  1267 | D:2      | Reached XP level 3. HP: 24/24 MP: 1/6
  1845 | D:2      | Reached XP level 4. HP: 30/30 MP: 3/8
  1941 | D:2      | Noticed Natasha
  1943 | D:2      | Killed Natasha
  2015 | D:3      | Noticed Lanoc's ghost (amateur FoFi)
  2387 | D:3      | Reached skill level 1 in Maces & Flails
  2387 | D:3      | Gained mutation: You have a pair of small horns on your head. [demonic ancestry]
  2387 | D:3      | Reached XP level 5. HP: 22/35 MP: 0/9
  2629 | D:3      | Learned a level 4 spell: Sticky Flame
  3415 | D:2      | Noticed Natasha
  3420 | D:2      | Killed Natasha
  3815 | D:4      | Noticed an ogre
  3821 | D:4      | Killed an ogre
  3821 | D:4      | Gained mutation: You have very sharp fingernails. [demonic ancestry]
  3821 | D:4      | Reached XP level 6. HP: 17/42 MP: 3/11
  4110 | D:4      | Found a hide-covered altar of Uskayaw.
  4467 | D:4      | Noticed Menkaure
  4471 | D:4      | Killed Menkaure
  4471 | D:4      | Reached skill level 1 in Fighting
  4471 | D:4      | Gained mutation: You have sharp toenails. [demonic ancestry]
  4471 | D:4      | Reached XP level 7. HP: 48/48 MP: 7/13
  4649 | D:4      | Found a blossoming altar of Fedhas.
  4763 | D:5      | Entered Level 5 of the Dungeon
  4975 | D:5      | Noticed Grinder
  4978 | D:5      | Paralysed by Grinder for 4 turns
  4984 | D:5      | Killed Grinder
  4984 | D:5      | Reached skill level 5 in Spellcasting
  4984 | D:5      | Reached skill level 5 in Fire Magic
  5179 | D:5      | Gained mutation: You have razor-sharp toenails. [demonic ancestry]
  5179 | D:5      | Reached XP level 8. HP: 54/54 MP: 3/15
  5348 | D:5      | Noticed Ijyb
  5354 | D:5      | Killed Ijyb
  6243 | D:6      | Found a burning altar of Makhleb.
  6502 | D:6      | Got an encrusted chain mail
  6513 | D:6      | Identified the cursed +0 chain mail of Cokov {+Inv Dex+2} (You found it on level 6 of the Dungeon)
  6534 | D:6      | Found a shattered altar of Ashenzari.
  6900 | D:6      | Found a staircase to the Ecumenical Temple.
  6932 | D:6      | Found a shimmering altar of Xom.
  6994 | D:6      | Found a stormy altar of Qazlal.
  7005 | D:6      | Reached skill level 1 in Armour
  7352 | D:6      | Reached skill level 5 in Conjurations
  7490 | D:6      | Gained mutation: You expend magic power (3 MP) to strengthen your wands. [potion of mutation]
  7490 | D:6      | Gained mutation: Your spells are a little harder to cast, but a little more powerful. [potion of mutation]
  7495 | D:6      | Gained mutation: You are immune to rotting. [demonic ancestry]
  7495 | D:6      | Reached XP level 9. HP: 17/61 MP: 17/17
  8288 | D:7      | Found a flagged portal.
  8592 | D:7      | Found a glowing silver altar of Zin.
  8593 | D:7      | Found a snail-covered altar of Cheibriados.
  8593 | D:7      | Found a basalt altar of Yredelemnul.
  8745 | D:7      | Found Iloi's Armour Boutique.
  8763 | D:7      | Noticed a moth of wrath
  8815 | D:7      | Found a bloodstained altar of Trog.
  9491 | D:7      | Learned a level 3 spell: Dazzling Spray
  9542 | Temple   | Entered the Ecumenical Temple
  9606 | Temple   | Became a worshipper of Vehumet
  9694 | D:7      | Learned a level 5 spell: Fireball
  9758 | D:8      | Found a deep blue altar of Sif Muna.
 10280 | D:8      | Reached skill level 5 in Maces & Flails
 10353 | D:8      | Found a white marble altar of Elyvilon.
 10552 | D:8      | Reached * piety under Vehumet
 10552 | D:8      | Offered knowledge of Sandblast by Vehumet.
 10683 | D:8      | Found a hazy altar of Hepliaklqana.
 10969 | D:9      | Noticed a two-headed ogre
 11095 | D:8      | Reached XP level 10. HP: 23/70 MP: 15/19
 11475 | D:9      | Offered knowledge of Shock by Vehumet.
 11490 | D:9      | Reached ** piety under Vehumet
 11528 | D:9      | Found a roughly hewn altar of Beogh.
 11955 | D:9      | Lost mutation: Your spells are a little harder to cast, but a little more powerful. [potion of mutation]
 11955 | D:9      | Lost mutation: You expend magic power (3 MP) to strengthen your wands. [potion of mutation]
 11955 | D:9      | Gained mutation: You occasionally shout uncontrollably at your foes. [potion of mutation]
 11955 | D:9      | Gained mutation: You can translocate small distances at will. [potion of mutation]
 11975 | D:9      | Mangled by a warg

Vault maps used:
D:1:      evilmike_arrival_plus
D:2:      first_bread, minmay_misc_feat_alley, uniq_natasha
D:3:      serial_bayou_pond_e, glass_columns_a, grunt_ministairs_8
D:4:      old_standard_altar, eat_drink_and_be_merry_uskayaw, uniq_menkaure
D:5:      uniq_grinder, uniq_ijyb
D:6:      lemuel_round_altar, kennysheep_mini, cheibrodos_ashenzari_chains,
          minmay_temple_entry_overgrown, makhleb_heckhound_becter
D:7:      gammafunk_temple_overflow_forgotten, tgw_trog, enter_bailey_2,
          serial_shops, shop
D:8:      elyvilon_altar_4, lemuel_blue_sif_altar, overflow_temple_1_default
D:9:      gammafunk_temple_overflow_arena, erik_lair_orcish_takeover,
          special_room, minmay_lizard_king
Temple:   nicolae_temple_figure_zero

Skill      XL: |  1  2  3  4  5  6  7  8  9 |
---------------+----------------------------+-----
Fire Magic     | 3 4 5 6 |  6.6
Stealth        | 2 3 4 |  4.4
Spellcasting   | 3 4 5 6 |  6.7
Maces & Flails | 1 2 3 5 |  5.6
Dodging        | 2 3 |  3.7
Conjurations   | 2 3 4 5 |  5.5
Fighting       | 1 3 |  3.6
Armour         | 1 2 |  2.8
Hexes          | |  0.4
Evocations     | |  0.8

Action                   |  1- 3 |  4- 6 |  7- 9 | 10-12 || total
-------------------------+-------+-------+-------+-------++-------
Melee: Mace              |    29 |    20 |   383 |    61 ||   493
       Headbutt          |       |     1 |    71 |     9 ||    81
 Cast: Flame Tongue      |    51 |    95 |    83 |    22 ||   251
       Throw Flame       |    19 |    27 |    34 |     8 ||    88
       Sticky Flame      |       |       |    19 |    10 ||    29
       Dazzling Spray    |       |       |     1 |     4 ||     5
Evoke: Wand              |       |       |     9 |     3 ||    12
  Use: Scroll            |       |       |    12 |     3 ||    15
       Potion            |       |       |    14 |     1 ||    15
 Stab: Sleeping          |       |     3 |       |       ||     3
       Paralysed         |       |       |    15 |       ||    15
       Invisible         |       |       |       |     2 ||     2
  Eat: Chunk             |     5 |     9 |    24 |     4 ||    42
       Meat ration       |       |       |     1 |       ||     1
       Bread ration      |       |       |     1 |       ||     1
       Fruit             |       |       |     1 |       ||     1
Armor: Robe              |    11 |     8 |    15 |       ||    34
       Chain mail        |       |       |   137 |       ||   137
       Leather armour    |       |       |    23 |    25 ||    48
Dodge: Dodged            |    42 |    29 |   144 |    64 ||   279

Table legend:
 A = Spawn XP
 B = Non-spawn XP
 C = Spawn XP percentage of total XP
 D = Spawn monster count
 E = Non-spawn monster count
 F = Spawn count percentage of total count
 G = Total turns spent on level
                    A         B        C        D         E        F      G
               +---------+---------+-------+---------+---------+-------+---------
         Total |       0 |    6574 |   0.0 |       0 |     234 |   0.0 | 11975
               +---------+---------+-------+---------+---------+-------+---------
           D:1 |       0 |      39 |   0.0 |       0 |      23 |   0.0 |  1263
           D:2 |       0 |     130 |   0.0 |       0 |      24 |   0.0 |  1200
           D:3 |       0 |     203 |   0.0 |       0 |      29 |   0.0 |  1427
           D:4 |       0 |     477 |   0.0 |       0 |      15 |   0.0 |   873
           D:5 |       0 |    1153 |   0.0 |       0 |      18 |   0.0 |  1480
           D:6 |       0 |    1031 |   0.0 |       0 |      22 |   0.0 |  2026
           D:7 |       0 |    1177 |   0.0 |       0 |      30 |   0.0 |  1616
           D:8 |       0 |    1097 |   0.0 |       0 |      28 |   0.0 |  1315
           D:9 |       0 |    1267 |   0.0 |       0 |      45 |   0.0 |   657
               +---------+---------+-------+---------+---------+-------+---------
